 Dungeon Crawl Stone Soup version 0.27.1-1-g398f81649c (webtiles) character file.

Game seed: 11089388202527662945

10 Descartes the Sneak (level 2, 0/14 HPs)
             Began as a Felid Delver on Sept 7, 2021.
             Succumbed to an adder's poison
             ... on level 5 of the Dungeon.
             The game lasted 00:00:59 (373 turns).

Descartes the Sneak (Felid Delver)                   Turns: 373, Time: 00:01:00

Health: 0/14       AC:  1    Str:  8    XL:     2   Next: 10%
Magic:  3/3        EV: 17    Int: 11    God:
Gold:   0          SH:  0    Dex: 17    Spells: 1/1 levels left
                                        Lives:  0   Deaths: 0

rFire    . . .     SeeInvis +     - Unarmed
rCold    . . .     Faith    .   (shield unavailable)
rNeg     . . .     Spirit   .   (armour unavailable)
rPois    .         Reflect  .   (helmet unavailable)
rElec    .         Harm     .   (cloak unavailable)
rCorr    .         Rampage  .   (gloves unavailable)
Will     .....                  (boots unavailable)
Stlth    ++++......             (no amulet)
HPRegen  0.04/turn              (no ring)
MPRegen  0.08/turn              (no ring)

@: lethally poisoned (0 -> -8), quick
A: very small, claws 1, fangs 3, see invisible, speed 1, shaggy fur 1, stealthy
paws, no weapons or thrown items, no armour, multi-lived
a: no special abilities


You were on level 5 of the Dungeon.
You visited 2 branches of the dungeon, and saw 2 of its levels.

Inventory:

Wands
 e - a wand of digging (3)
Scrolls
 a - a scroll of fog
 b - a scroll of magic mapping
 c - a scroll of fear
Potions
 d - a potion of haste
 f - a potion of flight {unknown}


   Skills:
 - Level 3.0 Fighting
 - Level 2.6 Dodging
 + Level 7.3 Stealth
 + Level 2.0 Unarmed Combat


You had one spell level left.
You didn't know any spells.
Your spell library was empty.

Dungeon Overview and Level Annotations

Branches:
Dungeon (5/15)             Temple (1/1) D:5

Altars:
Ashenzari
Elyvilon
Fedhas
Gozag
Kikubaaqudgha
Makhleb
Nemelex Xobeh
Okawaru
Qazlal
Ru
Sif Muna
Trog
Uskayaw
Vehumet
Wu Jian
Xom
Yredelemnul
Zin


Innate Abilities, Weirdness & Mutations

You have sharp claws.
You have razor-sharp teeth.
You have supernaturally acute eyesight. (SInv)
You cover ground quickly. (Speed+)
You are covered in fur. (AC +1)
Your paws help you pounce on unaware monsters.
You are incapable of wielding weapons or throwing items.
You cannot wear armour.
You gain extra lives every three experience levels.


Message History

f - a viscous inky potion
Found 13 bolts.
You see here 13 bolts.
Found a shimmering hunting sling.
You see here the +4 hunting sling "Beetlebane" {vorpal, *Corrode Int+5 Dex+4}.
A howler monkey zombie comes into view.
The helpless howler monkey zombie fails to defend itself.
You mangle the howler monkey zombie!!
You destroy the howler monkey zombie!
Your Stealth skill increases to level 7!
You have reached level 2!
An adder comes into view.
Found 22 stones.
An adder comes into view.
Found 20 stones.
An adder comes into view.
The adder hisses angrily. x2
The adder bites you.
You closely miss the adder. The adder closely misses you.
The adder barely misses you.
You scratch the adder but do no damage. Your bite misses the adder.
The adder bites you.
You are poisoned.
The adder poisons you!
You scratch the adder.
The adder is moderately wounded.
You feel sick. The adder bites you.
You completely miss the adder.
The adder is moderately wounded.
You feel sick. The adder bites you.
* * * LOW HITPOINT WARNING * * *
You are more poisoned.
The adder poisons you! The adder barely misses you.
You barely miss the adder.
The adder is moderately wounded.
* * * LOW HITPOINT WARNING * * *
You feel sick. The adder misses you.
You barely miss the adder.
The adder is moderately wounded.
You die...

S..≈≈≈≈......##...##.#.
P...≈≈≈P...#.##...##.#.
....≈≈.....#.........#.
.P....PP...#....>....#.
.#####....#...........
##....#.##...##...
#S......##...##...
#S###.#........... #@#
#.###........> #.#
#.###.##.##### #.#
#..........# #.#
#..###.###.#
#.####.##...##.#
#......#.....#.#
#####..#.....#(#
#..#.....#.#
##.##...##.#


You could see 2 adders.

Vanquished Creatures
  A howler monkey zombie (D:5)
1 creature vanquished.

Notes
Turn   | Place    | Note
-------+----------+-------------------------------------------
     0 | D:5      | Descartes the Felid Delver began the quest for the Orb.
     0 | D:5      | Reached XP level 1. HP: 10/10 MP: 2/2
     8 | Temple   | Entered the Ecumenical Temple
   293 | D:5      | Identified the +4 hunting sling "Beetlebane" {vorpal,
                  | *Corrode Int+5 Dex+4}
   314 | D:5      | Reached skill level 7 in Stealth
   314 | D:5      | Reached XP level 2. HP: 14/14 MP: 3/3
   373 | D:5      | Succumbed to an adder's poison

Illustrated notes

Levels and vault maps discovered:
D:5:      lemuel_castle_with_subvaults [lemuel_castle_interior_carwin_2],
          layout_basic, grunt_dithmenos_shadows,
          minmay_temple_entry_stoned_glass, chequers_serial_rivers_small_3,
          hangedman_feature_mirror, minmay_misc_feat_enclosed,
          guppyfry_early_lair_pool
Temple:   dpeg_five_rooms_temple

Skill      XL: |  1 |
---------------+----+-----
Stealth        | 7 |  7.3
Fighting       | |  3.0
Dodging        | |  2.6
Unarmed Combat | |  2.0

Action                   || total
-------------------------++-------
Melee: Unarmed           ||     7
 Stab: Sleeping          ||     1
Dodge: Dodged            ||     4
